 Dungeon Crawl Stone Soup version 0.21.1-1-g345015f (webtiles) character file.

1098 letownia2 the Skirmisher (level 8, -1/100 HPs)
             Began as a Demonspawn Gladiator on July 14, 2018.
             Slain by a jelly (3 damage)
             ... on level 6 of the Dungeon.
             The game lasted 00:15:02 (2222 turns).

letownia2 the Skirmisher (Demonspawn Gladiator)     Turns: 2222, Time: 00:15:03

Health: -1/100     AC:  0    Str: 21    XL:     8   Next: 10%
Magic:  17/17      EV: 12    Int: 11    God:
Gold:   109        SH:  0    Dex: 14    Spells: 7/7 levels left

rFire    + . .     SeeInvis .   a - +2 dagger (venom)
rCold    . . .     Gourm    .   (no shield)
rNeg     . . .     Faith    .   x - +0 ring mail
rPois    .         Spirit   .   b - +0 helmet
rElec    .         Reflect  .   (no cloak)
rCorr    .         Harm     .   (no gloves)
MR       .....                  (no boots)
Stlth    ..........             p - amulet of rage
HPRegen  0.26/turn              v - ring of loudness (curse)
MPRegen  0.15/turn              A - ring of magical power

@: berserking (expiring), corroded, very quick
A: claws 1, icy blue scales 1, fire resistance 1, powered by pain 1
a: Evoke Berserk Rage


You were on level 6 of the Dungeon.
You were hungry.

You visited 1 branch of the dungeon, and saw 6 of its levels.

You collected 179 gold pieces.
You spent 70 gold pieces at shops.

Inventory:

Hand Weapons
 a - a +2 dagger of venom (weapon)
 z - a +0 hand axe of freezing
 E - a +0 hunting sling
Missiles
 m - 16 bolts
 G - 2 throwing nets (quivered)
Armour
 b - a +0 helmet (worn)
 i - a +0 leather armour
 x - a +0 ring mail (worn)
 y - a +0 chain mail
Magical Staves
 w - an uncursed staff of air
Jewellery
 k - an uncursed ring of see invisible
 p - an amulet of rage (around neck)
 r - a +4 ring of strength
 v - a cursed ring of loudness (left claw)
 A - a ring of magical power (right claw)
Scrolls
 c - a scroll of amnesia {unknown}
 e - 5 scrolls of identify
 g - 2 scrolls of teleportation
 n - 2 scrolls of immolation {unknown}
 t - a scroll of enchant weapon {unknown}
 u - a scroll of blinking {unknown}
 B - a scroll of remove curse {unknown}
 C - a scroll of random uselessness {unknown}
Potions
 f - a potion of cancellation {unknown}
 h - 2 potions of degeneration {unknown}
 j - a potion of lignification {unknown}
 l - 3 potions of heal wounds
 o - a potion of might
 q - a potion of haste
 s - a potion of mutation
 D - 3 potions of flight {unknown}
Comestibles
 d - 6 rations
 F - a chunk of flesh


   Skills:
 - Level 7.0 Fighting
 - Level 1.8 Throwing
 - Level 1.6 Armour
 - Level 3.5 Dodging
 + Level 5.9 Unarmed Combat


You had 7 spell levels left.
You didn't know any spells.

Dungeon Overview and Level Annotations

Branches:
Dungeon (6/15)
 Temple: D:4-7

Altars:
Trog

Shops:
D:4 *   D:6 (


Innate Abilities, Weirdness & Mutations

You have sharp fingernails.
You are partially covered in icy blue scales. (AC +2)
Your flesh is heat resistant. (rF+)
You sometimes gain a little power by taking damage.


Message History

The jelly hits you.
You are splashed with acid!
The acid burns!
* * * LOW HITPOINT WARNING * * *
The bullfrog hits you.
* * * LOW HITPOINT WARNING * * *
You hit the jelly but do no damage.
The jelly looks as sick as possible!
Your claws burn!
* * * LOW HITPOINT WARNING * * *
The jelly is moderately wounded.
The bullfrog hits you.
* * * LOW HITPOINT WARNING * * *
The jelly hits you.
* * * LOW HITPOINT WARNING * * *
You are splashed with acid!
The acid burns!
* * * LOW HITPOINT WARNING * * *
You hit the bullfrog but do no damage.
The bullfrog is poisoned.
The bullfrog hits you.
* * * LOW HITPOINT WARNING * * *
Unknown command.
The jelly hits you.
You die...

##########
........#
#..)....#
#...(...#
+.......####
#...........
#.[@J.......
#..F<.......
...............
#........8......
#.........!.....
#%..............
#........∩......
#####...........
#...........


You could see a bullfrog and a jelly.

Vanquished Creatures
  The ghost of bohran the Magician, an amateur DEWz (D:3)
  Duvessa (D:5)
  An orc warrior (D:4)
  A phantom (D:4)
  2 ogres (D:4)
  A big kobold (D:3)
  Dowan (D:5)
  A scorpion (D:4)
  A centaur zombie (D:5)
  A hound (D:4)
  2 orc priests
  A gnoll shaman (D:4)
  An orc wizard (D:4)
  2 worker ants (D:5)
  A hound skeleton (D:4)
  3 gnolls (D:5)
  3 adders
  An ooze (D:2)
  3 worms
  A dart slug (D:3)
  2 leopard geckos
  9 orcs
  4 giant cockroaches
  7 goblins
  4 hobgoblins
  10 kobolds
  3 bats
  3 frilled lizards
  6 rats
77 creatures vanquished.

Notes
Turn   | Place    | Note
-------+----------+-------------------------------------------
     0 | D:1      | letownia2 the Demonspawn Gladiator began the quest for the Orb.
     0 | D:1      | Reached XP level 1. HP: 16/16 MP: 1/1
   163 | D:1      | Gained mutation: Your flesh is heat resistant. (rF+) [demonic ancestry]
   163 | D:1      | Reached XP level 2. HP: 20/22 MP: 2/2
   504 | D:2      | Gained mutation: You have sharp fingernails. [demonic ancestry]
   504 | D:2      | Reached XP level 3. HP: 7/28 MP: 3/3
   617 | D:2      | Reached skill level 3 in Fighting
   736 | D:3      | Noticed a big kobold
   909 | D:3      | Killed a big kobold
   909 | D:3      | Reached skill level 4 in Fighting
   909 | D:3      | Reached XP level 4. HP: 26/38 MP: 4/4
  1052 | D:4      | Noticed an ogre
  1062 | D:4      | Killed an ogre
  1062 | D:4      | Reached skill level 5 in Fighting
  1062 | D:4      | Reached XP level 5. HP: 31/44 MP: 5/5
  1079 | D:4      | Noticed an orc warrior
  1233 | D:3      | Reached XP level 6. HP: 44/51 MP: 6/6
  1304 | D:3      | Noticed bohran's ghost (amateur DEWz)
  1333 | D:3      | Killed bohran's ghost
  1333 | D:3      | Reached skill level 1 in Armour
  1344 | D:3      | Found a bloodstained altar of Trog.
  1465 | D:4      | Found Etsit's General Store.
  1478 | D:4      | Gained mutation: You sometimes gain a little power by taking damage. [demonic ancestry]
  1478 | D:4      | Reached XP level 7. HP: 17/57 MP: 7/7
  1524 | D:4      | Reached skill level 6 in Fighting
  1532 | D:4      | Bought a potion of heal wounds for 70 gold pieces
  1557 | D:5      | Entered Level 5 of the Dungeon
  1743 | D:5      | Noticed Dowan
  1744 | D:5      | Noticed Duvessa
  1766 | D:5      | Killed Duvessa
  1766 | D:5      | Killed Dowan
  1845 | D:4      | Reached skill level 5 in Unarmed Combat
  1859 | D:4      | Reached skill level 7 in Fighting
  1961 | D:4      | Gained mutation: You are partially covered in icy blue scales. (AC +2) [demonic ancestry]
  1961 | D:4      | Reached XP level 8. HP: 18/67 MP: 8/8
  2212 | D:6      | Found Fitotiesch's Weapon Shoppe.
  2221 | D:6      | HP: 2/100 [bullfrog (4)]
  2222 | D:6      | Slain by a jelly

Skill      XL: |  1  2  3  4  5  6  7 |
---------------+----------------------+-----
Dodging        | 3 |  3.5
Unarmed Combat | 3 4 5 |  5.9
Fighting       | 4 5 7 |  7.0
Armour         | 1 |  1.6
Throwing       | |  1.8

Action                   |  1- 3 |  4- 6 |  7- 9 || total
-------------------------+-------+-------+-------++-------
Melee: Unarmed           |    44 |       |    28 ||    72
       Dagger            |    71 |    64 |    73 ||   208
       Punch             |     1 |     3 |     4 ||     8
Throw: Throwing net      |       |     3 |     2 ||     5
 Abil: Evoke Berserk Rag |       |     4 |     6 ||    10
  Use: Scroll            |       |       |     4 ||     4
 Stab: Sleeping          |     1 |       |       ||     1
       Held in net/web   |       |     1 |       ||     1
  Eat: Chunk             |       |     5 |     7 ||    12
Armor: Leather armour    |    25 |     3 |       ||    28
       Ring mail         |       |    17 |    25 ||    42
Dodge: Dodged            |    71 |    46 |    54 ||   171
